 Dungeon Crawl Stone Soup version 0.28.0 (webtiles) character file.

Game seed: 2023724213372666204

235 Crownlay the Slasher (level 5, -1/41 HPs)
             Began as a Demonspawn Gladiator on Feb 12, 2022.
             Was a Believer of Cheibriados.
             Slain by an orc priest (8 damage)
             ... on level 3 of the Dungeon.
             The game lasted 00:03:23 (3753 turns).

Crownlay the Slasher (Demonspawn Gladiator)         Turns: 3753, Time: 00:03:23

Health: -1/41      AC:  4    Str: 20    XL:     5   Next: 76%
Magic:  7/7        EV: 12    Int: 14    God:    Cheibriados [**....]
Gold:   132        SH:  0    Dex: 18    Spells: 4/4 levels left

rFire   . . .      SeeInvis .   a - +0 long sword
rCold   . . .      Faith    .   (no shield)
rNeg    . . .      Spirit   .   b - +0 leather armour
rPois   .          Reflect  .   (helmet restricted)
rElec   .          Harm     .   (no cloak)
rCorr   .          Rampage  .   e - +0 pair of gloves
Will    .....                   (no boots)
Stlth   +.........              (no amulet)
HPRegen 0.13/turn               (no ring)
MPRegen 0.10/turn               (no ring)

@: very slow
A: antennae 1, demonic guardian 1
a: Renounce Religion, Bend Time


You were on level 3 of the Dungeon.
You worshipped Cheibriados.
Cheibriados was pleased with you.
You visited 1 branch of the dungeon, and saw 3 of its levels.

You collected 132 gold pieces.

Inventory:

Hand Weapons
 a - a +0 long sword (weapon)
Missiles
 d - 3 throwing nets (quivered)
Armour
 b - a +0 leather armour (worn)
 e - a +0 pair of gloves (worn)
Scrolls
 c - a scroll of identify {unknown}
 f - 6 scrolls of teleportation
Potions
 g - a potion of curing {unknown}
 h - a potion of might {unknown}


   Skills:
 + Level 3.4 Fighting
 * Level 4.7 Long Blades
 - Level 1.7 Throwing
 - Level 2.6 Dodging
 * Level 3.1 Invocations


You had 4 spell levels left.
You didn't know any spells.
Your spell library contained the following spells:

 Spells                   Type           Power      Damage    Failure   Level
 Portal Projectile        Hex/Tloc       0%         N/A       71%         3
 Blade Hands              Tmut           0%         N/A       100%        5
 Excruciating Wounds      Necr           0%         N/A       100%        5


Dungeon Overview and Level Annotations

Branches:
Dungeon (3/15)

Altars:
Cheibriados


Innate Abilities, Weirdness & Mutations

You have a pair of small antennae on your head.
A weak demonic guardian rushes to your aid.


Message History

You kill the orc!
Cheibriados thoroughly appreciates the change of pace.
You see here a +1 vampiric falchion.
The orc priest invokes the aid of Beogh against you.
Pain shoots through your body!
The orc priest hits you with a +0 trident.
You are too injured to fight recklessly!
You are too injured to fight recklessly!
You are too injured to fight recklessly!
You are too injured to fight recklessly!
You are too injured to fight recklessly!
You are too injured to fight recklessly!
You are too injured to fight recklessly!
You are too injured to fight recklessly!
You are too injured to fight recklessly!
You are too injured to fight recklessly!
You are too injured to fight recklessly!
You are too injured to fight recklessly!
You are too injured to fight recklessly!
You are too injured to fight recklessly!
You are too injured to fight recklessly!
You are too injured to fight recklessly!
You are too injured to fight recklessly!
You slash the orc priest!
The orc priest is severely wounded.
The orc priest mumbles some strange prayers to Beogh against you.
You barely resist. You barely miss the orc priest.
The orc priest is severely wounded.
The orc priest begins to cast a cantrip, but forgets the words!
You closely miss the orc priest.
The orc priest is severely wounded.
The orc priest calls down the wrath of Beogh upon you.
Pain shoots through your body!
* * * LOW HITPOINT WARNING * * *
A demonic guardian appears!
You closely miss the orc priest.
The orc priest is severely wounded.
The orc priest hits you with a +0 trident!
You die...

..................)..
........................
...................>....
........................
#.......................
#.......................
........................
...........)............
......o@))..............
.......5)...............
........................
.....................)..
........................
........................
........................
........................
.................


You could see an orc priest (ally target) and a friendly quasit (summoned).

Vanquished Creatures
  An orc priest (D:3)
  2 orc wizards (D:3)
  Natasha (twice) (D:2)
  A worm (D:1)
  A dart slug (D:1)
  6 orcs (D:3)
  4 ball pythons
  3 endoplasms (D:1)
  2 giant cockroaches (D:1)
  3 goblins
  12 hobgoblins
  3 jackals (D:1)
  3 quokkas
  3 bats (D:2)
  4 frilled lizards
  7 kobolds
  7 rats
64 creatures vanquished.

Vanquished Creatures (collateral kills)
  Natasha (D:2)
  2 orcs (D:3)
3 creatures vanquished.

Vanquished Creatures (others)
  7 plants (D:2)
  7 withered plants (D:2)
14 creatures vanquished.

Grand Total: 81 creatures vanquished

Notes
Turn   | Place    | Note
-------+----------+-------------------------------------------
     0 | D:1      | Crownlay the Demonspawn Gladiator began the quest for the
                  | Orb.
     0 | D:1      | Reached XP level 1. HP: 16/16 MP: 1/1
    92 | D:1      | Reached skill level 3 in Long Blades
    98 | D:1      | Gained mutation: A weak demonic guardian rushes to your
                  | aid. [demonic ancestry]
    98 | D:1      | Reached XP level 2. HP: 18/22 MP: 2/2
   499 | D:1      | HP: 1/23 [frozen (2)]
   834 | D:1      | Reached XP level 3. HP: 18/28 MP: 3/3
  1890 | D:2      | Noticed Natasha
  1899 | D:2      | Killed Natasha
  1900 | D:2      | Reached skill level 4 in Long Blades
  1900 | D:2      | Gained mutation: You have a pair of small antennae on your
                  | head. [demonic ancestry]
  1900 | D:2      | Reached XP level 4. HP: 23/34 MP: 4/4
  2088 | D:2      | Found a faded altar of an unknown god.
  2107 | D:2      | Prayed at the altar of an unknown god.
  2107 | D:2      | Became a worshipper of Cheibriados the Contemplative
  2107 | D:2      | Reached * piety under Cheibriados
  2448 | D:2      | Noticed Natasha
  2460 | D:2      | Killed Natasha
  2461 | D:2      | Reached skill level 1 in Invocations
  2492 | D:2      | Noticed Natasha
  2503 | D:2      | Killed Natasha
  2997 | D:3      | Reached XP level 5. HP: 29/41 MP: 6/6
  3018 | D:3      | Reached ** piety under Cheibriados
  3753 | D:3      | Slain by an orc priest

Illustrated notes

Levels and vault maps discovered:
D:1:      dpeg_arrival_brainrot, layout_basic, st_stairs_12,
          minmay_misc_feat_rugged
D:2:      layout_basic, shapermc_ecumenical_altar_flowoftime,
          minmay_hexomino_f4, uniq_natasha
D:3:      layout_basic

Skill      XL: |  1  2  3  4  5 |
---------------+----------------+-----
Long Blades    | 3 4 |  4.7
Fighting       | 3 |  3.4
Invocations    | 2 3 |  3.1
Throwing       | |  1.7
Dodging        | |  2.6

Action                   |  1- 3 |  4- 6 || total
-------------------------+-------+-------++-------
Melee: Long sword        |   105 |   126 ||   231
       Punch             |       |     1 ||     1
  Use: Scroll            |     1 |       ||     1
       Potion            |       |     1 ||     1
 Stab: Sleeping          |     1 |       ||     1
Armor: Leather armour    |    34 |    41 ||    75
Dodge: Dodged            |    98 |    83 ||   181
